[ PARTIDA AOE2 · #507149073 ]
UnrankedPolacos vs Malay
Equipo del jugador · DERR
Equipo rival · VICT
[ ANÁLISIS DE REPETICIÓN · EXTRAÍDO DE LA PARTIDA GRABADA ]
Feudal
8:12
Castillos
19:42
Imperial
27:18
| APM promedio | 61.0 |
| APM pico | 106 |
| eAPM promedio | 36.5 |
| Aldeanos / militares | 135 / 75 |
Foco
⚔️ 51.6% · 🌾 48.4%
Archer ×32 · Obuch ×26 · Monk ×5 · Trebuchet (Packed) ×4 · Battering Ram ×3 · Bombard Cannon ×3
Feudal
8:00
Castillos
21:21
Imperial
27:08
| APM promedio | 63.3 |
| APM pico | 122 |
| eAPM promedio | 44.4 |
| Aldeanos / militares | 96 / 104 |
Foco
⚔️ 36.4% · 🌾 63.6%
Karambit Warrior ×94 · Trebuchet (Packed) ×5 · Scorpion ×3 · Battering Ram ×2
Mapa de la partida
Recursos iniciales + cada clic de construcción. Líneas = muros · curvas = relieve. ◆ oro · ⬟ piedra · ● bayas · ✦ reliquia · ◌ hueco del cierre
Tu base· ✓ Cerrada en 19:42 · 23t muro · 2 puerta(s)
Base de albafica_· ✓ Cerrada en 21:21 · 9t muro · 5 puerta(s) · frágil
Terreno inicial suavizado · ◌ = hueco del cierre detectado · pasá el cursor para detalles
Inputs por minuto
— DS_Gabo - - albafica_
Build order — DS_Gabo
Primeras 150 de 287 acciones detectadas
| 0:00 | Encolar | Villager (Male) ×4 |
| 0:00 | Encolar | Villager (Male) ×4 |
| 0:01 | Construir | House |
| 0:02 | Construir | House |
| 1:20 | Encolar | Villager (Male) |
| 1:40 | Encolar | Villager (Male) |
| 1:55 | Construir | Lumber Camp |
| 2:05 | Encolar | Villager (Male) |
| 2:25 | Encolar | Villager (Male) |
| 3:03 | Encolar | Villager (Male) ×2 |
| 3:30 | Encolar | Villager (Male) |
| 3:47 | Encolar | Villager (Male) |
| 3:49 | Construir | House |
| 4:04 | Encolar | Villager (Male) |
| 4:10 | Encolar | Villager (Male) |
| 4:47 | Encolar | Villager (Male) |
| 4:51 | Encolar | Villager (Male) |
| 5:04 | Construir | Mining Camp |
| 6:02 | Investigar | Feudal Age |
| 8:12 | Edad | Edad Feudal |
| 8:15 | Investigar | Loom |
| 8:15 | Encolar | Villager (Male) |
| 8:19 | Construir | Watch Tower |
| 8:24 | Construir | Palisade Wall |
| 8:25 | Construir | Palisade Wall |
| 8:26 | Construir | Palisade Wall |
| 8:29 | Construir | Palisade Wall |
| 8:36 | Encolar | Villager (Male) |
| 8:42 | Construir | House |
| 8:46 | Investigar | Double-Bit Axe |
| 8:47 | Encolar | Villager (Male) |
| 8:48 | Encolar | Villager (Male) ×2 |
| 9:17 | Encolar | Villager (Male) |
| 9:49 | Construir | Mill |
| 10:01 | Encolar | Villager (Male) |
| 10:33 | Encolar | Villager (Male) |
| 10:58 | Encolar | Villager (Male) |
| 11:01 | Construir | Farm |
| 11:01 | Construir | Farm |
| 11:02 | Construir | Farm |
| 11:02 | Construir | Farm |
| 11:02 | Construir | Farm |
| 11:02 | Construir | Farm |
| 11:02 | Construir | Farm |
| 11:17 | Encolar | Villager (Male) |
| 11:28 | Encolar | Villager (Male) |
| 11:33 | Construir | House |
| 11:48 | Encolar | Villager (Male) |
| 11:57 | Encolar | Villager (Male) |
| 11:57 | Encolar | Villager (Male) |
| 12:17 | Encolar | Villager (Male) |
| 12:24 | Encolar | Villager (Male) |
| 12:30 | Construir | Farm |
| 12:37 | Encolar | Villager (Male) |
| 12:37 | Encolar | Villager (Male) |
| 12:55 | Encolar | Villager (Male) |
| 13:05 | Construir | House |
| 13:18 | Encolar | Villager (Male) |
| 13:18 | Encolar | Villager (Male) |
| 13:28 | Encolar | Villager (Male) |
| 13:41 | Construir | Watch Tower |
| 13:43 | Encolar | Villager (Male) |
| 13:45 | Construir | Mining Camp |
| 13:53 | Construir | Stone Wall |
| 13:54 | Construir | Stone Wall |
| 14:17 | Construir | Blacksmith |
| 14:49 | Construir | Stone Wall |
| 14:53 | Construir | Stone Wall |
| 15:07 | Encolar | Villager (Male) ×5 |
| 15:17 | Encolar | Villager (Male) |
| 15:22 | Construir | Market |
| 15:52 | Construir | Watch Tower |
| 16:20 | Construir | Stone Wall |
| 17:02 | Investigar | Castle Age |
| 17:26 | Construir | Stone Wall |
| 17:41 | Construir | Stone Wall |
| 17:43 | Construir | Stone Wall |
| 17:44 | Construir | Stone Wall |
| 18:04 | Construir | Outpost |
| 18:11 | Encolar | Villager (Male) |
| 18:32 | Construir | Palisade Wall |
| 18:33 | Construir | Palisade Wall |
| 18:35 | Construir | Palisade Wall |
| 18:39 | Construir | Palisade Wall |
| 18:42 | Construir | Palisade Wall |
| 18:46 | Construir | Palisade Wall |
| 18:49 | Construir | Stone Wall |
| 18:54 | Construir | Palisade Wall |
| 18:58 | Construir | Palisade Wall |
| 18:59 | Construir | Palisade Wall |
| 19:05 | Construir | Farm |
| 19:07 | Construir | Farm |
| 19:07 | Investigar | Horse Collar |
| 19:15 | Construir | Farm |
| 19:16 | Construir | Farm |
| 19:19 | Encolar | Villager (Male) |
| 19:34 | Encolar | Villager (Male) |
| 19:42 | Edad | Edad de los Castillos |
| 19:44 | Encolar | Villager (Male) |
| 19:54 | Construir | Monastery |
| 20:01 | Construir | Castle |
| 20:06 | Encolar | Villager (Male) |
| 20:12 | Encolar | Villager (Male) |
| 20:44 | Encolar | Monk |
| 20:49 | Construir | Farm |
| 20:56 | Construir | Siege Workshop |
| 21:19 | Encolar | Monk |
| 21:33 | Construir | Mill |
| 21:34 | Construir | Farm |
| 21:34 | Construir | Farm |
| 21:34 | Construir | Farm |
| 21:34 | Construir | Farm |
| 21:35 | Construir | Farm |
| 21:35 | Construir | Farm |
| 21:35 | Construir | Farm |
| 21:35 | Construir | Farm |
| 21:37 | Encolar | Villager (Male) |
| 21:45 | Encolar | Villager (Male) |
| 21:53 | Encolar | Villager (Male) |
| 22:07 | Construir | Farm |
| 22:09 | Construir | Farm |
| 22:11 | Construir | Farm |
| 22:48 | Encolar | Villager (Male) |
| 22:54 | Encolar | Obuch |
| 23:08 | Construir | Mining Camp |
| 23:33 | Encolar | Obuch ×5 |
| 23:34 | Encolar | Obuch ×5 |
| 23:34 | Encolar | Obuch ×5 |
| 24:08 | Investigar | Imperial Age |
| 24:31 | Encolar | Mangonel |
| 24:32 | Encolar | Obuch |
| 25:11 | Encolar | Obuch |
| 25:11 | Encolar | Obuch |
| 25:23 | Encolar | Obuch |
| 25:24 | Encolar | Obuch |
| 25:39 | Encolar | Obuch |
| 25:39 | Encolar | Obuch |
| 25:54 | Construir | House |
| 25:56 | Encolar | Villager (Male) |
| 26:20 | Encolar | Villager (Male) |
| 26:21 | Encolar | Obuch |
| 26:33 | Encolar | Villager (Male) |
| 26:44 | Investigar | Bow Saw |
| 26:55 | Investigar | Scale Mail Armor |
| 26:55 | Investigar | Scale Mail Armor |
| 26:55 | Investigar | Scale Mail Armor |
| 27:14 | Encolar | Villager (Male) |
| 27:18 | Edad | Edad Imperial |
| 27:19 | Construir | University |
| 27:22 | Encolar | Trebuchet (Packed) |
Build order — albafica_
Primeras 150 de 299 acciones detectadas
| 0:02 | Encolar | Villager (Male) |
| 0:02 | Encolar | Villager (Male) |
| 0:02 | Construir | House |
| 0:03 | Construir | House |
| 0:04 | Encolar | Villager (Male) |
| 0:07 | Encolar | Villager (Male) |
| 1:33 | Encolar | Villager (Male) |
| 1:47 | Construir | Lumber Camp |
| 1:50 | Encolar | Villager (Male) |
| 2:18 | Encolar | Villager (Male) |
| 2:18 | Encolar | Villager (Male) |
| 2:38 | Construir | House |
| 3:12 | Encolar | Villager (Male) |
| 3:13 | Encolar | Villager (Male) |
| 3:27 | Construir | House |
| 3:32 | Encolar | Villager (Male) |
| 4:20 | Encolar | Villager (Male) |
| 4:33 | Encolar | Villager (Male) |
| 4:34 | Encolar | Villager (Male) |
| 5:00 | Encolar | Villager (Male) |
| 5:00 | Encolar | Villager (Male) |
| 5:05 | Investigar | Loom |
| 5:09 | Construir | Mill |
| 6:34 | Investigar | Feudal Age |
| 7:46 | Encolar | Villager (Male) |
| 8:00 | Edad | Edad Feudal |
| 8:04 | Investigar | Double-Bit Axe |
| 8:05 | Investigar | Double-Bit Axe |
| 8:05 | Investigar | Horse Collar |
| 8:05 | Investigar | Horse Collar |
| 8:45 | Construir | Blacksmith |
| 8:47 | Encolar | Villager (Male) |
| 8:48 | Encolar | Villager (Male) |
| 8:48 | Encolar | Villager (Male) |
| 8:58 | Encolar | Villager (Male) |
| 9:23 | Construir | House |
| 9:45 | Construir | Stone Wall |
| 10:01 | Encolar | Villager (Male) |
| 10:02 | Encolar | Villager (Male) |
| 10:02 | Encolar | Villager (Male) |
| 10:07 | Construir | Watch Tower |
| 10:11 | Investigar | Fletching |
| 10:18 | Encolar | Villager (Male) |
| 10:25 | Construir | Mining Camp |
| 10:57 | Encolar | Villager (Male) |
| 10:57 | Encolar | Villager (Male) |
| 11:33 | Construir | Stone Wall |
| 11:49 | Encolar | Villager (Male) |
| 11:50 | Encolar | Villager (Male) |
| 11:50 | Encolar | Villager (Male) |
| 12:01 | Construir | Watch Tower |
| 12:03 | Encolar | Villager (Male) |
| 12:03 | Encolar | Villager (Male) |
| 12:05 | Construir | Farm |
| 12:07 | Construir | Farm |
| 12:28 | Encolar | Villager (Male) |
| 12:28 | Encolar | Villager (Male) |
| 12:30 | Construir | House |
| 12:33 | Construir | Farm |
| 12:50 | Construir | Mining Camp |
| 12:51 | Encolar | Villager (Male) |
| 13:30 | Encolar | Villager (Male) |
| 13:30 | Encolar | Villager (Male) |
| 13:31 | Construir | Farm |
| 14:16 | Construir | Farm |
| 14:17 | Encolar | Villager (Male) |
| 14:17 | Encolar | Villager (Male) |
| 14:17 | Encolar | Villager (Male) |
| 14:17 | Encolar | Villager (Male) |
| 14:23 | Construir | House |
| 14:31 | Construir | Farm |
| 14:35 | Construir | Farm |
| 14:35 | Construir | Farm |
| 14:35 | Construir | Farm |
| 14:35 | Construir | Farm |
| 14:39 | Encolar | Villager (Male) |
| 14:39 | Encolar | Villager (Male) |
| 15:21 | Construir | Farm |
| 15:22 | Encolar | Villager (Male) |
| 15:22 | Encolar | Villager (Male) |
| 15:32 | Construir | Farm |
| 15:34 | Construir | Farm |
| 15:44 | Construir | House |
| 16:03 | Encolar | Villager (Male) |
| 16:03 | Encolar | Villager (Male) |
| 16:04 | Construir | Farm |
| 16:06 | Encolar | Villager (Male) |
| 16:06 | Encolar | Villager (Male) |
| 16:21 | Construir | Watch Tower |
| 16:28 | Construir | Watch Tower |
| 16:42 | Construir | Palisade Gate |
| 16:49 | Encolar | Villager (Male) |
| 16:50 | Encolar | Villager (Male) |
| 16:50 | Encolar | Villager (Male) |
| 17:25 | Construir | Palisade Wall |
| 17:27 | Construir | Palisade Wall |
| 17:34 | Encolar | Villager (Male) |
| 17:47 | Construir | House |
| 17:48 | Construir | Palisade Wall |
| 17:50 | Construir | Palisade Wall |
| 17:51 | Construir | Palisade Wall |
| 17:52 | Encolar | Villager (Male) |
| 17:52 | Encolar | Villager (Male) |
| 17:52 | Encolar | Villager (Male) |
| 17:56 | Construir | Market |
| 17:58 | Construir | Palisade Wall |
| 18:00 | Construir | Palisade Wall |
| 18:14 | Encolar | Villager (Male) |
| 18:22 | Construir | Palisade Gate |
| 18:25 | Construir | Palisade Gate |
| 18:39 | Construir | Farm |
| 18:40 | Construir | Farm |
| 19:31 | Construir | House |
| 19:38 | Investigar | Castle Age |
| 19:39 | Investigar | Castle Age |
| 19:52 | Construir | House |
| 19:53 | Construir | House |
| 20:15 | Construir | Lumber Camp |
| 20:28 | Encolar | Villager (Male) |
| 21:02 | Construir | House |
| 21:06 | Construir | House |
| 21:08 | Construir | House |
| 21:21 | Edad | Edad de los Castillos |
| 21:28 | Construir | Castle |
| 21:44 | Construir | Mining Camp |
| 21:45 | Encolar | Villager (Male) |
| 21:45 | Encolar | Villager (Male) |
| 21:50 | Construir | House |
| 21:57 | Construir | Siege Workshop |
| 22:05 | Encolar | Villager (Male) |
| 22:33 | Encolar | Villager (Male) |
| 22:37 | Construir | Farm |
| 22:38 | Encolar | Battering Ram |
| 22:43 | Construir | Farm |
| 22:57 | Encolar | Villager (Male) |
| 22:58 | Encolar | Villager (Male) |
| 23:13 | Construir | Farm |
| 23:20 | Encolar | Karambit Warrior |
| 23:20 | Encolar | Karambit Warrior |
| 23:21 | Encolar | Karambit Warrior |
| 23:21 | Encolar | Karambit Warrior |
| 23:21 | Encolar | Karambit Warrior |
| 24:09 | Encolar | Villager (Male) |
| 24:37 | Encolar | Battering Ram |
| 25:14 | Investigar | Imperial Age |
| 25:15 | Investigar | Imperial Age |
| 25:23 | Encolar | Karambit Warrior |
| 25:24 | Encolar | Karambit Warrior |
| 25:24 | Encolar | Karambit Warrior |
| 25:53 | Encolar | Karambit Warrior |
Cronología de la partida
| 8:00 | albafica_ · age_up feudal |
| 8:12 | DS_Gabo · age_up feudal |
| 8:24 | DS_Gabo · wall_segment Palisade Wall x1 |
| 8:25 | DS_Gabo · wall_segment Palisade Wall x1 |
| 8:26 | DS_Gabo · wall_segment Palisade Wall x1 |
| 8:29 | DS_Gabo · wall_segment Palisade Wall x1 |
| 9:45 | albafica_ · wall_segment Stone Wall x1 |
| 11:33 | albafica_ · wall_segment Stone Wall x1 |
| 13:53 | DS_Gabo · wall_segment Stone Wall x2 |
| 13:54 | DS_Gabo · wall_segment Stone Wall x1 |
| 14:49 | DS_Gabo · wall_segment Stone Wall x1 |
| 14:53 | DS_Gabo · wall_segment Stone Wall x1 |
| 16:20 | DS_Gabo · wall_segment Stone Wall x1 |
| 17:25 | albafica_ · wall_segment Palisade Wall x1 |
| 17:26 | DS_Gabo · wall_segment Stone Wall x2 |
| 17:27 | albafica_ · wall_segment Palisade Wall x1 |
| 17:41 | DS_Gabo · wall_segment Stone Wall x1 |
| 17:43 | DS_Gabo · wall_segment Stone Wall x1 |
| 17:44 | DS_Gabo · wall_segment Stone Wall x1 |
| 17:48 | albafica_ · wall_segment Palisade Wall x1 |
| 17:50 | albafica_ · wall_segment Palisade Wall x1 |
| 17:51 | albafica_ · wall_segment Palisade Wall x1 |
| 17:58 | albafica_ · wall_segment Palisade Wall x1 |
| 18:00 | albafica_ · wall_segment Palisade Wall x1 |
| 18:32 | DS_Gabo · wall_segment Palisade Wall x1 |
| 18:33 | DS_Gabo · wall_segment Palisade Wall x1 |
| 18:35 | DS_Gabo · wall_segment Palisade Wall x1 |
| 18:39 | DS_Gabo · wall_segment Palisade Wall x1 |
| 18:42 | DS_Gabo · wall_segment Palisade Wall x1 |
| 18:46 | DS_Gabo · wall_segment Palisade Wall x1 |
| 18:49 | DS_Gabo · wall_segment Stone Wall x1 |
| 18:54 | DS_Gabo · wall_segment Palisade Wall x1 |
| 18:58 | DS_Gabo · wall_segment Palisade Wall x1 |
| 18:59 | DS_Gabo · wall_segment Palisade Wall x1 |
| 19:06 | albafica_ · first_market_buy 100 food |
| 19:37 | albafica_ · first_market_sell 100 wood |
| 19:42 | DS_Gabo · age_up castle |
| 19:54 | DS_Gabo · first_building Monastery |
| 20:01 | DS_Gabo · first_building Castle |
| 20:56 | DS_Gabo · first_building Siege Workshop |
| 21:21 | albafica_ · age_up castle |
| 21:28 | albafica_ · first_building Castle |
| 21:49 | DS_Gabo · first_market_buy 100 food |
| 21:50 | DS_Gabo · first_market_sell 100 stone |
| 21:57 | albafica_ · first_building Siege Workshop |
| 27:08 | albafica_ · age_up imperial |
| 27:18 | DS_Gabo · age_up imperial |
| 31:34 | DS_Gabo · first_building Barracks |
| 32:32 | DS_Gabo · first_building Archery Range |
| 34:50 | DS_Gabo · wall_segment Stone Wall x6 |
| 35:52 | albafica_ · first_building Barracks |
| 36:39 | DS_Gabo · wall_segment Palisade Wall x1 |
| 37:52 | albafica_ · first_building Archery Range |
| 39:41 | DS_Gabo · resign |
[ ANÁLISIS IA · 1 CRÉDITO ]
¿Qué pasó realmente en esta partida?
Wolo.gg analiza cada decisión: build order, eco, micro, errores típicos por bracket. Análisis personalizado por WhatsApp o Discord en 30 segundos.
Guía civ
Polacos
Perfil
DS_Gabo